 Dungeon Crawl Stone Soup version 0.29.1-1-gd02db6906a (webtiles) character file.

Game seed: 6277884401649205705

80231 groovy9 the Marksant (level 16, -6/108 HPs)
             Began as a Formicid Hunter on Sept 18, 2022.
             Was a High Priest of Hepliaklqana.
             Shot with a bolt by an orc warlord (28 damage)
             ... on level 2 of the Orcish Mines.
             The game lasted 01:35:28 (18002 turns).

groovy9 the Marksant (Formicid Hunter)             Turns: 18002, Time: 01:35:29

Health: -6/108     AC: 23    Str: 19    XL:     16   Next: 14%
Magic:  25/25      EV: 16    Int: 10    God:    Hepliaklqana [*****.]
Gold:   1114       SH:  7    Dex: 23    Spells: 21/27 levels left

rFire   + . .      SeeInvis +   b - +1 hand crossbow (freeze)
rCold   + . .      Faith    .   W - +3 buckler "Ygixog" {Str+2}
rNeg    . . .      Spirit   .   r - +6 acid dragon scales
rPois   +          Reflect  .   (helmet unavailable)
rElec   .          Harm     .   y - +2 cloak {rPois}
rCorr   +          Rampage  .   C - +2 pair of gloves
Will    +....                   E - +1 pair of boots {Fly}
Stlth   +++.......              F - amulet of regeneration
HPRegen 1.08/turn               e - ring of wizardry
MPRegen 0.19/turn               m - ring of protection from fire

@: flying
A: reduced essence, permanent stasis, dig shafts and tunnels, antennae 3, four
strong arms, hooves 1, cold resistance 1
a: Dig, Shaft Self, Renounce Religion, Recall Ancestor, Ancestor Identity,
Transference, Idealise


You were on level 2 of the Orcish Mines.
You worshipped Hepliaklqana.
Hepliaklqana was extremely pleased with you.
You visited 4 branches of the dungeon, and saw 20 of its levels.
You also visited: Sewer and Volcano.

You collected 1498 gold pieces.
You spent 384 gold pieces at shops.

Inventory:

Hand Weapons
 b - a +1 hand crossbow of freezing (weapon)
 Y - a +0 longbow
Missiles
 s - 67 poisoned darts
 O - 4 throwing nets
Armour
 l - a +1 ring mail of cold resistance
 r - +6 acid dragon scales (worn)
 w - a +2 cloak of stealth
 y - a +2 cloak of poison resistance (worn)
 C - a +2 pair of gloves (worn)
 E - a +1 pair of boots of flying (worn)
 H - a +2 robe of the Archmagi
 W - the +3 buckler "Ygixog" (worn) {Str+2}
   (You found it on level 11 of the Dungeon)

   Str:       It affects your strength (+2).
Jewellery
 a - the amulet of the Four Winds {rN+ Will+++ Clar}
   (You found it on level 5 of the Lair of Beasts)

   [amulet of nothing]

   rN:        It protects you from negative energy.
   Clar:      It protects you against confusion.
   Will:      It greatly increases your willpower.
 c - a ring of magical power
 d - a +6 ring of intelligence
 e - a ring of wizardry (left hand)
 m - a ring of protection from fire (right hand)
 F - an amulet of regeneration (around neck)
 I - a ring of wizardry
 V - the ring "Masywog" {rCorr Int+6}
   (You found it on level 11 of the Dungeon)

   [ring of resist corrosion]

   Int:       It affects your intelligence (+6).
   rCorr:     It protects you from acid and corrosion.
Wands
 n - a wand of flame (69)
 o - a wand of roots (17)
 q - a wand of charming (24)
 L - a wand of digging (11)
 Q - a wand of acid (3)
Scrolls
 f - 4 scrolls of immolation
 i - 6 scrolls of amnesia
 k - a scroll of magic mapping
 t - 2 scrolls of enchant weapon
 v - 3 scrolls of brand weapon
 z - 11 scrolls of identify
 J - 2 scrolls of poison
 M - a scroll of fog
 P - a scroll of enchant armour
 X - a scroll of noise
 Z - a scroll of torment
Potions
 g - 2 potions of lignification
 h - 3 potions of attraction
 j - 11 potions of curing
 p - 3 potions of flight
 u - 5 potions of mutation
 x - a potion of magic
 A - 5 potions of heal wounds
 D - 2 potions of resistance
 K - a potion of ambrosia
 R - 3 potions of brilliance
 S - a potion of invisibility
 T - a potion of cancellation
Miscellaneous
 B - a piece from Xom's chessboard (15/15)
 G - a tin of tremorstones (2/2)
 N - a box of beasts
 U - a condenser vane


   Skills:
 + Level 9.0 Fighting
 - Level 16.4 Ranged Weapons
 + Level 8.6 Armour
 + Level 7.3 Dodging
 + Level 5.2 Stealth
 + Level 6.4 Spellcasting
 - Level 10.0 Transmutations
 - Level 10.0 Earth Magic
 + Level 9.5 Invocations
 + Level 8.7 Evocations


You had 21 spell levels left.
You knew the following spells:

 Your Spells              Type           Power      Damage    Failure   Level
a - Wereblood             Tmut           23%        N/A       1%          2
b - Petrify               Tmut/Erth      23%        N/A       2%          4

Your spell library contained the following spells:

 Spells                   Type           Power      Damage    Failure   Level
 Stone Arrow              Conj/Erth      26%        3d8       4%          3
 Foxfire                  Conj/Fire      12%        2x1d4     13%         1
 Magic Dart               Conj           12%        1d3       13%         1
 Animate Armour           Summ/Erth      26%        N/A       16%         4
 Ice Form                 Ice/Tmut       13%        N/A       16%         4
 Call Imp                 Summ           3%         N/A       19%         2
 Searing Ray              Conj           6%         2d4       19%         2
 Sublimation of Blood     Necr           3%         N/A       19%         2
 Statue Form              Tmut/Erth      15%        N/A       32%         6
 Conjure Flame            Conj/Fire      3%         6-21      34%         3
 Gell's Gravitas          Tloc           3%         N/A       34%         3
 Inner Flame              Hex/Fire       3%         N/A       34%         3
 Lesser Beckoning         Tloc           3%         N/A       34%         3
 Mephitic Cloud           Conj/Pois/Air  3%         N/A       34%         3
 Teleport Other           Tloc           3%         N/A       34%         3
 Tukima's Dance           Hex            3%         N/A       34%         3
 Yara's Violent Unravell  Hex/Tmut       6%         3d5       41%         5
 Anguish                  Hex/Necr       1%         N/A       75%         4
 Flame Wave               Conj/Fire      3%         2d5       75%         4
 Fulminant Prism          Conj/Hex       1%         3d6       75%         4
 Hailstorm                Conj/Ice       3%         3d3       75%         4
 Passage of Golubria      Tloc           3%         N/A       75%         4
 Eringya's Noxious Bog    Tmut/Pois      6%         N/A       91%         6
 Metabolic Englaciation   Hex/Ice        1%         N/A       96%         5
 Summon Forest            Summ/Tloc      1%         N/A       96%         5
 Simulacrum               Ice/Necr       1%         N/A       100%        6
 Enfeeble                 Hex            1%         N/A       100%        7
 Summon Hydra             Summ           1%         N/A       100%        7
 Lehudib's Crystal Spear  Conj/Erth      6%         10d3      100%        8


Dungeon Overview and Level Annotations

Branches:
Dungeon (12/15)            Temple (1/1) D:7            Lair (5/5) D:9
 Shoals (0/4) Lair:2        Snake (0/4) Lair:3        Slime (0/5) Lair:4
    Orc (2/2) D:12            Elf (0/3) Orc:2         Sewer (visited)
Volcano (visited)

Altars:
Ashenzari
Cheibriados
Dithmenos
Elyvilon
Fedhas
Gozag
Hepliaklqana
Kikubaaqudgha
Makhleb
Nemelex Xobeh
Okawaru
Qazlal
Ru
Sif Muna
Trog
Uskayaw
Vehumet
Wu Jian
Xom
Yredelemnul
Zin
The Shining One
Jiyva

Shops:
D:3 !   D:4 =[   D:5 [   D:8 *

Annotations:
D:9 1 exclusion


Innate Abilities, Weirdness & Mutations

Your life essence is reduced to manifest your ancestor. (-10% HP)
You cannot be hasted, slowed, berserked, paralysed or teleported.
You can dig through walls and to a lower floor.
You have a pair of large antennae on your head. (SInv)
Your four strong arms can wield two-handed weapons with a shield.
You have large cloven feet.
Your flesh is cold resistant. (rC+)


Message History

The orc warlord wields a +2 vorpal dire flail.
The orc warlord hits Rodica with a +2 vorpal dire flail!!
Rodica is destroyed!
The orc warlord shouts!
Fire: b) +1 hand crossbow (freeze)
Press: ? - help, Q - select action, (/) - cycle Shift-Dir - straight line, f/p - orc warlord
Aim: an orc warlord, wielding a +2 vorpal dire flail and wearing a +0 plate armour (severely wounded, 81% to hit)
You shoot a bolt. The bolt hits the orc warlord!!
The bolt freezes the orc warlord.
The orc warlord is almost dead.
The orc warlord unwields a +2 vorpal dire flail.
The orc warlord wields a +0 arbalest of flaming.
It bursts into flame!
The orc warlord shoots a bolt.
The bolt hits you! The bolt burns you.
Fire: b) +1 hand crossbow (freeze)
Press: ? - help, Q - select action, (/) - cycle Shift-Dir - straight line, f/p - orc warlord
Aim: an orc warlord, wielding a +0 arbalest of flaming and wearing a +0 plate armour (almost dead, 81% to hit)
You shoot a bolt. The bolt barely misses the orc warlord.
Fire: b) +1 hand crossbow (freeze)
Press: ? - help, Q - select action, (/) - cycle Shift-Dir - straight line, f/p - orc warlord
Aim: an orc warlord, wielding a +0 arbalest of flaming and wearing a +0 plate armour (almost dead, 81% to hit)
You shoot a bolt. The bolt hits the orc warlord.
The bolt freezes the orc warlord.
The orc warlord is almost dead.
The orc warlord shoots a bolt.
The bolt hits you!! The bolt burns you.
Fire: b) +1 hand crossbow (freeze)
Press: ? - help, Q - select action, (/) - cycle Shift-Dir - straight line, f/p - orc warlord
Aim: an orc warlord, wielding a +0 arbalest of flaming and wearing a +0 plate armour (almost dead, 81% to hit)
You shoot a bolt.
The bolt closely misses the orc warlord.
The orc warlord shoots a bolt.
The bolt hits you!
* * * LOW HITPOINT WARNING * * *
The bolt burns you.
* * * LOW HITPOINT WARNING * * *
The orc warlord shoots a bolt.
The bolt hits you!
* * * LOW HITPOINT WARNING * * *
The bolt burns you.
* * * LOW HITPOINT WARNING * * *
The orc warlord shoots a bolt.
The bolt hits you!!
You die...

#..... ### ...#. #.###
#....##.#.## #.....#.#..
#........### .......
##......@..# .......
#.......)..#.#
......####............
.......#...).).#........
#...).....)...#........
#.........o)..#........
##.)...).))###........
###....))[.)[<###.......
.........)..o)#


You could see an orc warlord.

Vanquished Creatures
  A dire elephant (Lair:5)
  Josephine (Lair:5)
  Harold (Lair:1)
  Fannar (D:10)
  4 hydras
  2 boulder beetles
  Erica (D:8)
  3 two-headed ogres
  5 death yaks (Lair:5)
  Nergalle (D:10)
  A deep elf archer (Volcano)
  Pikel (D:8)
  2 orc knights (Orc:2)
  A wolf spider zombie (D:12)
  7 deep elf pyromancers (Volcano)
  An oklob plant (Lair:5)
  A wolf spider (Lair:5)
  An ugly thing (D:8)
  3 manticores
  2 merfolk sirens (Lair:2)
  Maurice (D:8)
  2 elephants (Lair:5)
  6 black mambas
  4 centaur zombies (D:12)
  9 cane toads
  3 torpor snails
  2 rime drakes (Lair:5)
  5 kobold demonologists
  6 komodo dragons
  5 trolls
  The ghost of CertainDeath the Ruffian, an amateur DrTm (D:4)
  7 polar bears
  2 raiju (Lair:5)
  4 slime creatures (D:12)
  7 blink frogs
  3 dream sheep (Lair:5)
  A meliai zombie (D:12)
  Sigmund (D:3)
  2 shadows (D:12)
  A wyvern (Lair:5)
  A vampire (D:11)
  4 wraiths
  Grum (D:10)
  2 fire elementals (Volcano)
  50 yaks
  4 basilisks
  2 steam dragons
  2 vampire mosquitoes (D:12)
  3 wargs
  3 acid dragons
  17 hell hounds
  22 water moccasins
  3 ice beasts
  9 black bears
  9 orc warriors
  5 ogres
  19 wolves
  5 centaurs
  3 phantoms
  A lemure (D:8)
  7 kobold brigands
  5 necrophages
  12 bullfrogs
  A gnoll sergeant (D:10)
  5 scorpions
  9 wights
  A troll zombie (D:12)
  A howler monkey (D:5)
  9 orc priests
  7 hounds
  5 jellies
  4 iguanas
  19 orc wizards
  6 hell rats
  Terence (D:3)
  4 ogre zombies (D:12)
  A mummy (D:4)
  10 gnolls
  7 adders
  5 river rats (Sewer)
  2 shadow imps
  3 white imps
  3 ufetubi
  3 worms
  3 dart slugs
  30 orcs
  9 ball pythons
  2 bats
  7 endoplasms
  6 giant cockroaches
  9 goblins
  7 hobgoblins
  6 quokkas
  2 frilled lizards
  2 goblin skeletons (D:12)
  A goblin zombie (D:12)
  3 hobgoblin zombies
  31 kobolds
  A kobold zombie (D:4)
  2 orc skeletons (D:12)
  12 orc zombies
  26 rats
  A bush (Lair:3)
567 creatures vanquished.

Vanquished Creatures (collateral kills)
  The ghost of groovy9 the Marksant, a journeyman FoHu of Hepliaklqana (Lair:4)
  3 hydras
  A two-headed ogre (D:11)
  A centaur warrior (D:12)
  2 catoblepae
  An orc high priest (Orc:2)
  3 lindwurms (Lair:5)
  An orc knight (Orc:2)
  2 deep elf pyromancers (Volcano)
  2 wolf spiders (Lair:5)
  An orc sorcerer (Orc:2)
  A manticore (D:12)
  A centaur zombie (D:12)
  2 elephants (Lair:5)
  2 black mambas
  A cane toad (Lair:2)
  2 trolls (Orc:1)
  2 merfolk (Lair:2)
  2 blink frogs (Lair:4)
  4 polar bears (Lair:5)
  3 slime creatures (D:12)
  A dream sheep (Lair:5)
  2 wraiths
  12 yaks
  A fire elemental (Volcano)
  3 wargs
  4 water moccasins
  4 hell hounds
  5 black bears (Lair:5)
  2 orc warriors
  2 ogres (Orc:2)
  7 wolves
  2 orc priests
  2 orc wizards (D:10)
  A hell rat (Lair:1)
  An ogre zombie (D:12)
  A gnoll (Orc:2)
  8 orcs
  2 kobolds (D:9)
  2 orc zombies (D:12)
100 creatures vanquished.

Vanquished Creatures (others)
  A kobold brigand (D:7)
  A bullfrog (D:7)
  A gnoll sergeant (D:7)
  6 knights
  3 ancestors
  An orc wizard (Orc:2)
  2 orcs
  20 fungi
  88 plants
  3 withered plants (D:12)
126 creatures vanquished.

Grand Total: 793 creatures vanquished

Notes
Turn   | Place    | Note
-------+----------+-------------------------------------------
     0 | D:1      | groovy9 the Formicid Hunter began the quest for the Orb.
     0 | D:1      | Reached XP level 1. HP: 16/16 MP: 1/1
   239 | D:1      | Reached XP level 2. HP: 22/22 MP: 2/2
   254 | D:1      | You fall into a shaft and drop 1 floor!
   301 | D:1      | Found a faded altar of an unknown god.
   317 | D:1      | Reached XP level 3. HP: 27/27 MP: 3/3
   621 | D:2      | Reached skill level 5 in Ranged Weapons
   751 | D:2      | Reached XP level 4. HP: 33/33 MP: 4/4
  1263 | D:3      | Found Owaymi's Distillery.
  1278 | D:3      | Learned a level 2 spell: Wereblood
  1300 | D:3      | Noticed Terence
  1303 | D:3      | Killed Terence
  1405 | D:3      | Reached XP level 5. HP: 38/38 MP: 5/5
  1491 | D:3      | Noticed Sigmund
  1495 | D:3      | Killed Sigmund
  1496 | D:3      | Reached skill level 6 in Ranged Weapons
  1496 | D:3      | Reached XP level 6. HP: 38/44 MP: 6/6
  1733 | D:3      | Found a hide-covered altar of Uskayaw.
  1746 | D:3      | Found a basalt altar of Yredelemnul.
  1953 | D:4      | Found Puzic's Jewellery Shop.
  2119 | D:4      | Reached skill level 7 in Ranged Weapons
  2140 | D:4      | Identified the +5 hand axe "Purof" {venom, rF+ Int+3}
  2181 | D:4      | Reached XP level 7. HP: 50/50 MP: 7/7
  2189 | D:4      | Found Bolad's Antique Armour Emporium.
  2395 | D:4      | Found a runed translucent door.
  2631 | D:4      | Noticed CertainDeath's ghost (amateur DrTm)
  3132 | D:4      | Killed CertainDeath's ghost
  3299 | D:5      | Entered Level 5 of the Dungeon
  3304 | D:5      | Found Senak's Armour Shoppe.
  3312 | D:5      | Reached skill level 8 in Ranged Weapons
  3375 | D:5      | Reached XP level 8. HP: 43/56 MP: 8/8
  3553 | D:5      | Reached skill level 9 in Ranged Weapons
  3706 | D:5      | Found a bloodstained altar of Trog.
  3799 | D:5      | Reached skill level 10 in Ranged Weapons
  3864 | D:5      | Reached XP level 9. HP: 30/59 MP: 9/9
  4110 | D:5      | Reached skill level 11 in Ranged Weapons
  4543 | D:5      | Bought a +2 cloak of poison resistance for 203 gold pieces
  4662 | D:6      | Found a glowing drain.
  4675 | Sewer    | Entered a sewer
  5029 | Sewer    | Reached skill level 12 in Ranged Weapons
  5467 | D:6      | Found a shadowy altar of Dithmenos.
  5758 | D:6      | Reached XP level 10. HP: 56/67 MP: 10/10
  6321 | D:7      | Found a stormy altar of Qazlal.
  6380 | D:7      | Found a shimmering altar of Xom.
  6399 | D:7      | Reached skill level 13 in Ranged Weapons
  6625 | D:7      | Found an iron altar of Okawaru.
  6748 | D:7      | Found a staircase to the Ecumenical Temple.
  6754 | Temple   | Entered the Ecumenical Temple
  6902 | Temple   | Became a worshipper of Hepliaklqana the Forgotten
  7249 | D:8      | Gained mutation: Your flesh is cold resistant. (rC+)
                  | [potion of mutation]
  7249 | D:8      | Gained mutation: You have large cloven feet. [potion of
                  | mutation]
  7312 | D:8      | Reached skill level 5 in Transmutations
  7314 | D:8      | Reached skill level 14 in Ranged Weapons
  7315 | D:8      | Noticed a two-headed ogre
  7318 | D:8      | Killed a two-headed ogre
  7320 | D:8      | Noticed a green ugly thing
  7328 | D:8      | Killed a green ugly thing
  7465 | D:8      | Found Gouzulou's Assorted Antiques.
  7525 | D:8      | Noticed a kobold demonologist
  7546 | D:8      | Killed a kobold demonologist
  7635 | D:8      | Reached XP level 11. HP: 69/72 MP: 11/11
  7707 | D:8      | Noticed Pikel
  7708 | D:8      | Noticed Maurice
  7732 | D:8      | Killed Pikel
  7733 | D:8      | Reached skill level 15 in Ranged Weapons
  7806 | D:8      | Killed Maurice
  7864 | D:8      | Noticed Erica
  7876 | D:8      | Killed Erica
  8155 | D:5      | Bought a +1 pair of boots of flying for 181 gold pieces
  8328 | D:9      | Reached * piety under Hepliaklqana
  8345 | D:9      | Found a staircase to the Lair.
  8518 | D:9      | Found a radiant altar of Vehumet.
  8898 | D:9      | Noticed a two-headed ogre
  8904 | D:9      | Killed a two-headed ogre
  8905 | D:9      | Reached skill level 16 in Ranged Weapons
  8923 | D:9      | Noticed a two-headed ogre
  8930 | D:9      | Killed a two-headed ogre
  9612 | D:10     | Entered Level 10 of the Dungeon
  9620 | D:10     | Noticed Fannar
  9632 | D:10     | Killed Fannar
  9633 | D:10     | Reached skill level 1 in Invocations
  9633 | D:10     | Reached XP level 12. HP: 72/72 MP: 12/12
  9731 | D:10     | Reached skill level 1 in Armour
  9731 | D:10     | Reached skill level 1 in Evocations
  9733 | D:10     | Noticed Grum
  9746 | D:10     | Killed Grum
  9871 | D:10     | Reached ** piety under Hepliaklqana
  9872 | D:10     | Remembered your ancestor Rodica as a knight
  9875 | D:10     | Found a blossoming altar of Fedhas.
  9996 | D:10     | Noticed Nergalle
 10035 | D:10     | Killed Nergalle
 10456 | Lair:1   | Entered Level 1 of the Lair of Beasts
 10464 | Lair:1   | Noticed Harold
 10523 | Lair:1   | Killed Harold
 10610 | Lair:1   | Noticed a boulder beetle
 10615 | Lair:1   | Noticed a four-headed hydra
 10618 | Lair:1   | Killed a four-headed hydra
 10642 | Lair:1   | Killed a boulder beetle
 10800 | Lair:1   | Reached skill level 5 in Fighting
 10800 | Lair:1   | Reached XP level 13. HP: 78/81 MP: 16/16
 10825 | Lair:1   | Found a burning altar of Makhleb.
 11397 | Lair:2   | Noticed a catoblepas
 11407 | Lair:2   | Killed a catoblepas
 11408 | Lair:2   | Reached skill level 10 in Transmutations
 11408 | Lair:2   | Reached skill level 5 in Invocations
 11622 | Lair:2   | Learned a level 4 spell: Petrify
 11686 | Lair:2   | Reached skill level 1 in Earth Magic
 11699 | Lair:2   | Reached skill level 5 in Evocations
 11713 | Lair:2   | Found a staircase to the Shoals.
 11733 | Lair:2   | Reached *** piety under Hepliaklqana
 11801 | Lair:2   | Noticed a four-headed hydra
 11805 | Lair:2   | Killed a four-headed hydra
 11806 | Lair:2   | Reached skill level 5 in Armour
 11806 | Lair:2   | Reached skill level 1 in Spellcasting
 12515 | Lair:3   | Reached skill level 5 in Dodging
 12526 | Lair:3   | Found a staircase to the Snake Pit.
 12843 | Lair:3   | Reached skill level 5 in Earth Magic
 13176 | Lair:3   | Noticed a four-headed hydra
 13190 | Lair:3   | Killed a four-headed hydra
 13249 | Lair:4   | Reached **** piety under Hepliaklqana
 13272 | Lair:4   | Reached XP level 14. HP: 90/90 MP: 18/18
 13336 | Lair:4   | Found a large runed translucent door.
 13336 | Lair:4   | Found a large runed translucent door.
 13337 | Lair:4   | Noticed groovy9's ghost (journeyman FoHu)
 13398 | Lair:4   | Found a viscous altar of Jiyva.
 13398 | Lair:4   | Found a staircase to the Slime Pits.
 13980 | Lair:4   | Killed groovy9's ghost
 14043 | Lair:5   | Entered Level 5 of the Lair of Beasts
 14120 | Lair:5   | Noticed Josephine
 14129 | Lair:5   | Killed Josephine
 14169 | Lair:5   | Found a gate leading to a gauntlet.
 14182 | Lair:5   | Identified the +0 pair of boots of Vyzilog {Dex+4}
 14432 | Lair:5   | Found a dark tunnel.
 14441 | Volcano  | Entered a volcano
 14587 | Volcano  | Reached XP level 15. HP: 96/99 MP: 22/22
 14594 | Volcano  | Reached skill level 5 in Spellcasting
 14991 | Lair:5   | Identified the +9 scimitar of Boggiza {vorpal, Fly rElec
                  | rF- Will+}
 15250 | Lair:5   | Found the amulet of the Four Winds {rN+ Will+++ Clar}
 15725 | D:11     | Identified the ring "Masywog" {rCorr Int+6}
 15924 | D:11     | Reached ***** piety under Hepliaklqana
 16396 | D:11     | Found a blossoming altar of Fedhas.
 16399 | D:11     | Identified the +3 buckler "Ygixog" {Str+2}
 16826 | D:12     | Found a staircase to the Orcish Mines.
 16858 | D:12     | Reached skill level 10 in Earth Magic
 17468 | Orc:1    | Entered Level 1 of the Orcish Mines
 17530 | Orc:1    | Reached XP level 16. HP: 78/105 MP: 23/25
 17762 | Orc:2    | Entered Level 2 of the Orcish Mines
 17789 | Orc:2    | Found a staircase to the Elven Halls.
 17815 | Orc:2    | Reached skill level 5 in Stealth
 18002 | Orc:2    | Shot with a bolt by an orc warlord

Illustrated notes

Levels and vault maps discovered:
D:1:      dpeg_arrival_simpleton_c, layout_basic,
          dreamdust_ecumenical_altar_grove
D:2:      layout_rooms, minmay_tetromino_s4
D:3:      layout_loops_cross, mainiacjoe_overflow_swirl, serial_shops,
          nicolae_shop_trees, minivault_23, uniq_terence, uniq_sigmund
D:4:      layout_basic, ebering_ghost_sewer_d, serial_shops,
          nicolae_shop_statue_plus, nicolae_lakefront_shop, minmay_mini_ossuary
D:5:      kennysheep_spiral_hall, layout_basic, trog_hazing_becter,
          serial_shops, nicolae_shop_advertising_works
          [nicolae_subvault_shop_adworks], serial_bayou_pond_c,
          minmay_joined_circles
D:6:      layout_basic, nicolae_dithmenos_shadow_blocks, serial_glass,
          glass_columns_b, glass_columns_a, gup_sewer_entry_pipe,
          grunt_tough_drop
D:7:      layout_loops_ring, grunt_qazlal_clouds, xom_confusion_cloud,
          mainiacjoe_overflow_small_starburst, minmay_temple_entry_ruins
D:8:      layout_rooms, serial_shops, shop, uniq_maurice, uniq_erica, uniq_pikel
D:9:      kennysheep_blocky_hall, layout_loops_ring, lemuel_tele_altar
D:10:     minmay_flawed_box, layout_rooms, kennysheep_mini_moat, serial_glass,
          glass_columns_a, glass_columns_c, uniq_fannar, uniq_nergalle,
          uniq_grum
D:11:     layout_cave_pods, fedhas_altar_1
D:12:     layout_basic, zombieorc1_lemuel, serial_undead, serial_undead_f,
          serial_undead_e, serial_undead_d, serial_undead_e
Temple:   hellmonk_temple_forest_ring
Lair:1:   layout_chaotic_city, basic_altar, serial_bayou_lagoon_a, uniq_harold
Lair:2:   layout_cave_pods, elwin_shoals_entry_stream
Lair:3:   layout_loops_ring, minmay_snake_entry_six_corridors, serial_forest,
          infiniplex_forest_lined_2, infiniplex_forest_fountain,
          infiniplex_forest_straight_4, infiniplex_forest_clump_cross,
          infiniplex_forest_straight_3, infiniplex_forest_clump_small,
          infiniplex_forest_end_1, infiniplex_forest_lined_4_way,
          nicolae_lair_grove_arrangements, nicolae_quartered_pool_medium
Lair:4:   layout_regular_city, dpeg_slime_entry_enclosed,
          ebering_ghost_disaster_area, serial_bayou_shore_b
Lair:5:   hangedman_lair_in_review, layout_gridlike,
          hangedman_lair_caniforms_friends, nicolae_volcano_entry_vermiform,
          gauntlet_entry_generic, uniq_josephine
Orc:1:    layout_caves, special_room [special_room_orc]
Orc:2:    grunt_orc_gardens, layout_diamond_mine, grunt_orc_garden,
          grunt_orc_garden, grunt_orc_garden, grunt_orc_garden, mines1_david

Skill      XL: |  1  2  3  4  5  6  7  8  9 10 11 12 13 14 15 16 |
---------------+-------------------------------------------------+-----
Ranged Weapons | 5 6 7 8 10 12 14 16 | 16.4
Transmutations | 2 3 4 6 8 9 10 | 10.0
Dodging        | 2 4 5 6 7 |  7.3
Invocations    | 1 4 6 7 9 |  9.5
Armour         | 4 5 7 8 |  8.6
Evocations     | 4 6 7 8 |  8.7
Fighting       | 5 6 7 8 9 |  9.0
Stealth        | 2 4 5 |  5.2
Earth Magic    | 5 8 10 | 10.0
Spellcasting   | 2 4 6 |  6.4

Action                   |  1- 3 |  4- 6 |  7- 9 | 10-12 | 13-15 | 16-18 || total
-------------------------+-------+-------+-------+-------+-------+-------++-------
 Fire: Hand crossbow     |    29 |    69 |   279 |   446 |   877 |    81 ||  1781
       Shortbow          |     2 |       |       |       |       |       ||     2
 Cast: Wereblood         |       |       |       |     6 |     2 |     2 ||    10
Invok: Recall Ancestor   |       |       |       |     4 |     5 |     2 ||    11
       Ancestor Life: Kn |       |       |       |     1 |       |       ||     1
       Idealise          |       |       |       |       |     2 |       ||     2
 Abil: Dig               |     2 |       |     8 |    21 |    11 |       ||    42
Evoke: Wand              |       |       |     1 |       |       |       ||     1
  Use: Scroll            |     5 |     7 |     7 |    15 |     3 |       ||    37
       Potion            |       |       |     1 |     8 |       |       ||     9
Armor: Leather armour    |       |     3 |     7 |       |       |       ||    10
       Ring mail         |       |       |    38 |    42 |       |       ||    80
       Acid dragon scale |       |       |       |    30 |   122 |    10 ||   162
       Skin              |       |       |       |     1 |       |       ||     1
Dodge: Dodged            |       |     9 |    79 |    86 |   144 |    17 ||   335
Block: Buckler           |       |       |       |       |     8 |    16 ||    24
